 Dungeon Sprint DCSS version 0.31-a0-18-gea43df2a32 (webtiles) character file.

Game seed: 8971648630727161271

1185 bmack86 the Cleaver (level 8, 0/123 HPs)
             Began as a Minotaur Berserker on May 10, 2023.
             Was a Priest of Trog.
             Slain by a centaur warrior (1 damage)
             ... in the Dungeon (Sprint I: "Red Sonja").
             The game lasted 00:04:03 (343 turns).

bmack86 the Cleaver (Minotaur Berserker)             Turns: 343, Time: 00:04:03

Health: 0/123      AC: 10    Str: 25    XL:     8   Next: 19%
Magic:  7/7        EV: 11    Int:  4    God:    Trog [***...]
Gold:   247        SH:  5    Dex:  9    Spells: 7/7 levels left

rFire   . . .        a - +0 hand axe
rCold   . . .        k - +0 buckler {AC+3}
rNeg    . . .        j - +0 ring mail
rPois   .            (helmet restricted)
rElec   .            (no cloak)
rCorr   .            (no gloves)
SInv    .            (no boots)
Will    .....        (no amulet) Stlth
                     (no ring)
HPRegen 0.40/turn    (no ring)
MPRegen 0.10/turn

%: no teleportation
@: berserking, lethally poisoned (0 -> -12), quick
A: horns 2, retaliatory headbutt
a: Renounce Religion, Berserk, Trog's Hand


You were in the Dungeon.
You worshipped Trog.
Trog was most pleased with you.
You visited 1 branch You collected 408 gold pieces.
You spent 161 gold pieces at shops.

Inventory:

Hand Weapons
 a - a +0 hand axe (weapon)
 b - a +1 scythe of flaming
Armour
 j - a +0 ring mail (worn)
 k - a +0 buckler of protection (worn)
Wands
 i - a wand of roots (5) (quivered)
Scrolls
 h - a scroll of blinking
Potions
 c - a potion of curing
 d - a potion of heal wounds
 e - a potion of haste
 f - 2 potions of magic
 g - a potion of berserk rage


   Skills:
 + Level 11.4 Fighting
 + Level 14.1 Axes
 + Level 11.1 Armour
 - Level 2.1 Dodging
 + Level 6.5 Shields


You had 7 spell levels left.
You didn't know any spells.
Your spell library was empty.

Dungeon Overview and Level Annotations

Branches:
Dungeon (1/1)

Altars:
Cheibriados
Dithmenos
Elyvilon
Fedhas
Gozag
Hepliaklqana
Kikubaaqudgha
Makhleb
Nemelex Xobeh
Okawaru
Qazlal
Ru
Sif Muna
Trog
Uskayaw
Vehumet
Wu Jian
Xom
Yredelemnul
Zin
The Shining One
Jiyva
Lugonu

Shops:
D [


Innate Abilities, Weirdness & Mutations

You have a pair of horns on your head.
You reflexively headbutt those who attack you in melee.


Message History

The centaur warrior misses you. The centaur warrior closely misses you.
The centaur warrior wields a +0 longbow.
The centaur warrior shoots an arrow.
The arrow hits you! You block the centaur warrior's attack.
The centaur warrior kicks you.
The centaur warrior shoots an arrow.
The arrow hits you!!
Your unstable footing causes you to fumble your attack.
Unknown command.
Your unstable footing causes you to fumble your attack.
You block the centaur warrior's attack. The centaur warrior kicks you.
The centaur warrior shoots an arrow.
The arrow closely misses you. You block the hornet's attack.
Your unstable footing causes you to fumble your attack.
The centaur warrior closely misses you.
The centaur warrior kicks you but does no damage.
The centaur warrior shoots an arrow.
The arrow closely misses you.
Unknown command.
Your unstable footing causes you to fumble your attack.
The hornet stings you.
You are poisoned.
You suddenly lose the ability to move!
The centaur warrior hits you. The centaur warrior kicks you.
You feel sick.
The centaur warrior shoots an arrow.
The arrow hits you!!
* * * LOW HITPOINT WARNING * * *
The hornet stings you.
* * * LOW HITPOINT WARNING * * *
You are more poisoned.
You shrug off the repeated paralysis!
The centaur warrior completely misses you.
The centaur warrior kicks you.
* * * LOW HITPOINT WARNING * * *
The centaur warrior shoots an arrow.
The arrow hits you!
* * * LOW HITPOINT WARNING * * *
The hornet barely misses you.
You can move again.
Your unstable footing causes you to fumble your attack.
* * * LOW HITPOINT WARNING * * *
You feel sick. The centaur warrior hits you.
* * * LOW HITPOINT WARNING * * *
The centaur warrior kicks you.
You die...

########################
.#..)..#..'..#__#..')..#
.')[#..'[.#..'..'..#)..#
.#####'#####'#__####§..+
.####..#...#.####§§#####
.#__####..##)#c§§y§#$$#
.#_____##'#§.§§~@c§'..#
⌠#_.∩...†..._#§§§..#$$#
##_..__##_.#'##+####
#_____###+#(# #######
###


You could see 2 centaur warriors and a hornet.

Vanquished Creatures
  2 kobold demonologists (D)
  Sigmund (D)
  A slime creature (D)
  A yak (D)
  A floating eye (D)
  An ogre (D)
  A jelly (D)
  Ijyb (D)
9 creatures vanquished.

Notes
Turn   | Place    | Note
-------+----------+-------------------------------------------
     0 | D        | bmack86 the Minotaur Berserker began the quest for the Orb.
     0 | D        | Reached XP level 1. HP: 19/19 MP: 0/0
     2 | D        | Noticed Ijyb
     9 | D        | Killed Ijyb
    10 | D        | Reached skill level 5 in Fighting
    10 | D        | Reached skill level 6 in Axes
    10 | D        | Reached XP level 2. HP: 29/29 MP: 1/1
    56 | D        | Noticed an ogre
    59 | D        | Killed an ogre
    60 | D        | Reached skill level 8 in Axes
    60 | D        | Reached skill level 5 in Armour
    60 | D        | Reached XP level 3. HP: 38/38 MP: 2/2
    60 | D        | Reached XP level 4. HP: 45/45 MP: 3/3
    96 | D        | Noticed Sigmund
   102 | D        | Killed Sigmund
   102 | D        | Reached ** piety under Trog
   103 | D        | Reached skill level 11 in Axes
   103 | D        | Reached XP level 5. HP: 53/53 MP: 4/4
   103 | D        | Reached XP level 6. HP: 61/61 MP: 5/5
   147 | D        | Found an ornate altar of the Wu Jian Council.
   147 | D        | Found a shimmering blue altar of Sif Muna.
   149 | D        | Found a radiant altar of Vehumet.
   180 | D        | Found Qumaex's Armour Emporium.
   180 | D        | Found an ancient bone altar of Kikubaaqudgha.
   180 | D        | Found a hazy altar of Hepliaklqana.
   180 | D        | Found a stormy altar of Qazlal.
   180 | D        | Found a hide-covered altar of Uskayaw.
   180 | D        | Found a blossoming altar of Fedhas.
   180 | D        | Found a bloodstained altar of Trog.
   180 | D        | Found an iron altar of Okawaru.
   180 | D        | Found a basalt altar of Yredelemnul.
   180 | D        | Found a glowing golden altar of the Shining One.
   180 | D        | Found a snail-covered altar of Cheibriados.
   180 | D        | Found a sacrificial altar of Ru.
   180 | D        | Found a glowing silver altar of Zin.
   180 | D        | Found a shadowy altar of Dithmenos.
   180 | D        | Found a white marble altar of Elyvilon.
   180 | D        | Noticed a yak
   184 | D        | Killed a yak
   185 | D        | Reached skill level 12 in Axes
   185 | D        | Found an opulent altar of Gozag.
   186 | D        | Found a sparkling altar of Nemelex Xobeh.
   190 | D        | Bought a +0 buckler of protection for 161 gold pieces
   230 | D        | Found a burning altar of Makhleb.
   230 | D        | Found a viscous altar of Jiyva.
   230 | D        | Found a shimmering altar of Xom.
   230 | D        | Found a corrupted altar of Lugonu.
   230 | D        | Noticed a slime creature
   234 | D        | Killed a slime creature
   235 | D        | Reached skill level 10 in Fighting
   235 | D        | Reached skill level 13 in Axes
   235 | D        | Reached XP level 7. HP: 72/72 MP: 6/6
   278 | D        | Noticed a kobold demonologist
   280 | D        | Noticed a kobold demonologist
   281 | D        | Reached *** piety under Trog
   282 | D        | Reached skill level 10 in Armour
   286 | D        | Noticed a neqoxec
   289 | D        | Killed a kobold demonologist
   290 | D        | Reached skill level 5 in Shields
   292 | D        | Killed a kobold demonologist
   293 | D        | Reached skill level 14 in Axes
   293 | D        | Reached XP level 8. HP: 82/82 MP: 7/7
   328 | D        | Noticed a centaur warrior
   328 | D        | Noticed a centaur warrior
   333 | D        | Noticed a hornet
   341 | D        | Paralysed by a hornet for 1 turns
   342 | D        | HP: 6/123 [centaur warrior/arrow (15)]
   343 | D        | HP: 1/123 [centaur warrior (3)]
   343 | D        | Slain by a centaur warrior

Illustrated notes

Levels and vault maps discovered:
D:        dungeon_sprint_1 [red_sonja_temple_1, red_sonja_temple_small_1]

Skill      XL: |  1  2  3  4  5  6  7 |
---------------+----------------------+-----
Fighting       | 5 6 8 10 11 | 11.4
Axes           | 6 8 11 13 14 | 14.1
Armour         | 4 5 7 9 11 | 11.1
Shields        | 3 6 |  6.5
Dodging        | |  2.1

Action                     |  1- 3 |  4- 6 |  7- 9 || total
---------------------------+-------+-------+-------++-------
  Melee: Hand axe          |     7 |     7 |    19 ||    33
         Halberd           |       |     4 |       ||     4
         Headbutt          |       |     2 |     2 ||     4
 Invoke: Berserk           |     2 |     3 |     2 ||     7
  Evoke: Wand              |       |     1 |     1 ||     2
 Armour: Animal skin       |     1 |       |       ||     1
         Ring mail         |       |       |     8 ||     8
  Dodge: Dodged            |     2 |     1 |    12 ||    15
  Block: Buckler           |       |       |     7 ||     7

Table legend: (Time is in decaauts)
 A = Elapsed time spent in this place.
 B = Non-inter-level travel time spent in this place.
 C = Inter-level travel time spent in this place.
 D = Time resting spent in this place.
 E = Time spent auto-exploring this place.
 F = Levels seen in this place.
 G = Mean time per level.
                   A        B        C        D        E       F      G
               +--------+--------+--------+--------+--------+-----+--------+
         Total |    391 |    391 |      0 |    191 |      0 |   1 |  391.0 |
       Dungeon |    391 |    391 |      0 |    191 |      0 |   1 |  391.0 |
               +--------+--------+--------+--------+--------+-----+--------+

Top non-repeatable levels by time:
       D: 391 daAuts
